General information
- name: Freakapie P:| L:3
- type: Custom game
- host: PIESOFTHENORTH
- saver: Miles_Edgeworth
map: TidewaterGlades
- players: 2
- length: 09:36
- speed: Fast
- version: 1.26 W3XP
- replay type: Public
» download(57 KB)
Players
team 1 (loser)

»
Freakapie (
orange | 66 APM | 630 actions | 09:35)
2 Blademaster
1 Wind Walk
1 Critical Strike
» actions
| Assign group hotkey | 13 | |
| Basic commands | 15 | |
| Build / train | 22 | |
| Enter build submenu | 13 | |
| Enter hero's abilities submenu | 2 | |
| Right click | 255 | |
| Select / deselect | 160 | |
| Select group hotkey | 131 | |
| Use ability | 19 | |
630 total
» units
» upgrades
| Armor | 2 | |
| Melee Weapons | 1 | |
| Berserker Strength | 1 | |
4 total
» buildings
| Altar of Storms | 1 | |
| Barracks | 1 | |
| Orc Burrow | 3 | |
| Voodoo Lounge | 1 | |
| War Mill | 1 | |
| Stronghold | 1 | |
| Spirit Lodge | 1 | |
9 total
» build order
00:04 Altar of Storms
00:07 Barracks
00:10 Orc Burrow
01:50 Voodoo Lounge
02:26 Orc Burrow
03:44 War Mill
05:21 Stronghold
05:56 Orc Burrow
08:25 Spirit Lodge
team 2 (winner)
Miles_Edgeworth (
blue | 124 APM | 1195 actions | 09:36)
4 Death Knight
2 Death Coil
2 Unholy Aura
1 Lich
1 Frost Nova
» actions
| Assign group hotkey | 19 | |
| Basic commands | 106 | |
| Build / train | 33 | |
| Enter build submenu | 8 | |
| Enter hero's abilities submenu | 5 | |
| Give item / drop item | 4 | |
| Right click | 457 | |
| Select / deselect | 267 | |
| Select group hotkey | 246 | |
| Use ability | 50 | |
1195 total
» units
| Acolyte | 4 | |
| Ghoul | 2 | |
| Crypt Fiend | 6 | |
12 total
» upgrades
» buildings
| Altar of Darkness | 1 | |
| Ziggurat | 4 | |
| Crypt | 1 | |
| Graveyard | 1 | |
| Tomb of Relics | 1 | |
| Nerubian Tower | 1 | |
| Halls of the Dead | 2 | |
| Black Citadel | 1 | |
12 total
» build order
00:07 Altar of Darkness
00:10 Ziggurat
00:33 Crypt
00:57 Graveyard
01:11 Tomb of Relics
01:34 Ziggurat
03:04 Nerubian Tower
04:40 Halls of the Dead
04:40 Halls of the Dead
05:10 Ziggurat
08:04 Black Citadel
08:48 Ziggurat
» items
| Rod of Necromancy | 2 | |
| Dust of Appearance | 3 | |
| Potion of Healing | 2 | |
| Potion of Mana | 2 | |
9 total
Chat log
(00:21 / All) Freakapie: Yeah, damn I really don't stand a chance do I lol
(00:26 / All) Miles_Edgeworth: you could
(00:29 / All) Miles_Edgeworth: i haven't played solo in a long time
(00:39 / All) Freakapie: yeah but you're master league in sc2 :P
(00:43 / All) Freakapie: And that's scary to me for some reason.
(00:45 / All) Miles_Edgeworth: i was =/
(00:49 / All) Miles_Edgeworth: now i'm just high diamond
(00:52 / All) Miles_Edgeworth: getting back there now though
(00:52 / All) Freakapie: ah
(01:53 / All) Freakapie: well
(01:59 / All) Freakapie: I just gained a little familiarty with this map.
(02:06 / All) Freakapie: Turns out creeps are total assholes here.
(02:07 / All) Miles_Edgeworth: hahah what do you mean
(02:10 / All) Miles_Edgeworth: it's true
(02:32 / All) Freakapie: Who woulda thought
(04:26 / All) Freakapie: Yeah last week I was 31-25 solo
(04:35 / All) Freakapie: Now I'm on this embarassing losing streak
(04:49 / All) Freakapie: Feels bad man
(04:52 / All) Miles_Edgeworth: i hate when that happens
(04:57 / All) Freakapie: yeah
(06:59 / All) Freakapie: nice one
(07:50 / All) Freakapie: ok that was stupid
(08:12 / All) Freakapie: That's why I'm on a losing streak
(08:20 / All) Miles_Edgeworth: eh
(08:23 / All) Miles_Edgeworth: i got a good drop
(08:30 / All) Freakapie: Yeah
(08:46 / All) Freakapie: But I shouldn't have let you use it :P
(09:16 / All) Freakapie: Yeah that's game.
(09:28 / All) Freakapie: Should I make the next one too?
(09:30 / All) Miles_Edgeworth: sure
(09:33 / All) Freakapie: ok
(09:34 / All) Freakapie: gg